 Dungeon Crawl Stone Soup version 0.25-a0-435-g4b9beb1024 (webtiles) character file.

Game seed: 4073434335182152562, levelgen mode: deterministic

14 BeastOfSaturn the Vexing (level 2, -4/20 HPs)
             Began as a Demonspawn Enchanter on Jan 29, 2020.
             Slain by a gnoll (6 damage)
             ... on level 1 of the Dungeon.
             The game lasted 00:02:46 (633 turns).

BeastOfSaturn the Vexing (Demonspawn Enchanter)      Turns: 633, Time: 00:02:47

Health: -4/20      AC:  4    Str:  8    XL:     2   Next: 27%
Magic:  2/5        EV: 12    Int: 16    God:
Gold:   64         SH:  0    Dex: 13    Spells: 2/5 levels left

rFire    . . .     SeeInvis .   a - +1 dagger
rCold    . . .     Gourm    .   (no shield)
rNeg     . . .     Faith    .   c - +0 robe
rPois    .         Spirit   .   (no helmet)
rElec    .         Reflect  .   (no cloak)
rCorr    .         Harm     .   (no gloves)
MR       .....                  (no boots)
Stlth    ++........             (no amulet)
HPRegen  0.06/turn              (no ring)
MPRegen  0.09/turn              (no ring)

@: no status effects
A: slimy green scales 1
a: no special abilities


You were on level 1 of the Dungeon.
You were not hungry.

You visited 1 branch of the dungeon, and saw 1 of its levels.

You collected 64 gold pieces.

Inventory:

Hand Weapons
 a - a +1 dagger (weapon)
 b - a +0 hunting sling
Armour
 c - a +0 robe (worn)
Scrolls
 f - a scroll of enchant armour {unknown}
 g - a scroll of random uselessness {unknown}
 i - a scroll of teleportation {unknown}
Potions
 e - a potion of brilliance {unknown}
 h - a potion of curing {unknown}
 j - a potion of haste {unknown}
Comestibles
 d - a ration


   Skills:
 + Level 0.7 Fighting
 + Level 1.0 Short Blades
 * Level 1.8 Dodging
 + Level 2.9 Stealth
 + Level 2.0 Spellcasting
 + Level 3.3 Hexes


You had 2 spell levels left.
You knew the following spells:

 Your Spells              Type           Power        Failure   Level  Hunger
a - Corona                Hex            ##.....      5%          1    #......
b - Ensorcelled Hibernat  Hex/Ice        #.....       16%         2    ###....

Your spell library contained the following spells:

 Spells                   Type           Power        Failure   Level  Hunger
 Confusing Touch          Hex            ##......     16%         3    ###....
 Tukima's Dance           Hex            ##......     16%         3    ###....
 Dazzling Flash           Conj/Hex       #.....       32%         3    ###....


Dungeon Overview and Level Annotations

Branches:
Dungeon (1/15)

Altars:


Innate Abilities, Weirdness & Mutations

You are partially covered in slimy green scales. (AC +2)


Message History

The gnoll is lightly wounded.
The gnoll hits you!
You hit the gnoll but do no damage.
The gnoll is lightly wounded.
The gnoll barely misses you.
Casting: Ensorcelled Hibernation (safe; 16% risk of failure)
Confirm with . or Enter, or press ? or * to list all spells.
Aiming: Ensorcelled Hibernation (safe; 16% risk of failure)
Press: ? - help, Shift-Dir - straight line, f/p - gnoll
Aim: a gnoll (lightly wounded, chance to defeat MR: 47%)
The gnoll looks drowsy...
The helpless gnoll fails to defend itself.
You puncture the gnoll!
The gnoll is almost dead.
The gnoll hits you!
* * * LOW HITPOINT WARNING * * *
You barely miss the gnoll.
The gnoll is almost dead.
The gnoll hits you.
You die...

...##...#.##.##.# #.#
...##...#.##>##.# #.#
...##...#.##.##.# #.#
....#...#.##.##.# #.#
..#..........##.# #.#
#...#...........# #g#
##.##.#.####.#### #.#
........# ##.########.#
......#####.....@gg...#
.............##########
#####.......##
#########


You could see a gnoll and a goblin.

Vanquished Creatures
  A dart slug (D:1)
  3 bats (D:1)
  2 giant cockroaches (D:1)
  2 goblins (D:1)
  A kobold (D:1)
  2 rats (D:1)
11 creatures vanquished.

Notes
Turn   | Place    | Note
-------+----------+-------------------------------------------
     0 | D:1      | BeastOfSaturn the Demonspawn Enchanter began the quest for
                  | the Orb.
     0 | D:1      | Reached XP level 1. HP: 13/13 MP: 3/3
   345 | D:1      | Gained mutation: You are partially covered in slimy green
                  | scales. (AC +2) [demonic ancestry]
   345 | D:1      | Reached XP level 2. HP: 13/20 MP: 3/5
   462 | D:1      | Learned a level 2 spell: Ensorcelled Hibernation
   484 | D:1      | Reached skill level 1 in Short Blades
   633 | D:1      | Slain by a gnoll

Levels and vault maps discovered:
D:1:      mrwooster_arrival_arrow, layout_loops_ring, minmay_pentomino_r2

Skill      XL: |  1  2 |
---------------+-------+-----
Short Blades   | 1 |  1.0
Fighting       | |  0.7
Dodging        | |  1.8
Stealth        | |  2.9
Spellcasting   | |  2.0
Hexes          | |  3.3

Action                   || total
-------------------------++-------
Melee: Dagger            ||    59
 Cast: Corona            ||     6
       Ensorcelled Hiber ||     5
 Stab: Sleeping          ||     3
Armor: Robe              ||    21
Dodge: Dodged            ||    28

Table legend:
 A = Non-vault XP
 B = Vault XP
 C = Vault XP percentage of total XP
 D = Non-vault monster count
 E = Vault monster count
 F = Vault count percentage of total count
                 A         B        C        D         E       F
            +---------+---------+-------+---------+---------+-------
      Total |      18 |       2 |  10.0 |      10 |       1 |   9.1
            +---------+---------+-------+---------+---------+-------
        D:1 |      18 |       2 |  10.0 |      10 |       1 |   9.1
            +---------+---------+-------+---------+---------+-------
